Map: Undercurrent LE

Players

SLicKcHeeZEE - Winner!

  • Race: Zerg Zerg
  • Spawn Location: 7:00

A.I. 1 (Very Hard)

  • Race: Terran Terran
  • Spawn Location: 1:00

VOD

Have the link to the VOD?

Description

Time

  • Played on: Sept. 2, 2026, 1:16 p.m.
  • Length: 16:05
Show
View Real Time Build Order
Export as new Build Order

SLicKcHeeZEE Zerg - Winner!

Build Orders: Hatch First, Roach Hydra 

Get SALT Encoding   

  8  0:00  Drone  
  9  0:11  Drone  
  10  0:16  Drone  
  11  0:27  Overlord  
  11  0:33  Drone  
  12  0:45  Drone x2  
  14  0:51  Drone  
  15  1:13  Hatchery  
  15  1:17  Drone  
  15  1:21  Drone  
  16  1:37  Spawning Pool  
  15  1:41  Extractor  
  15  1:42  Drone  
  15  1:46  Drone  
  16  1:49  Drone  
  16  1:53  Drone  
  18  2:02  Overlord  
  18  2:12  Drone  
  19  2:24  Queen  
  19  2:29  Queen  
  23  2:34  Drone  
  25  2:37  Drone  
  25  2:42  Overlord  
  25  2:46  Drone  
  25  2:49  Drone  
  27  2:53  Drone  
  27  2:56  Drone  
  29  2:59  Drone  
  30  3:11  Lair  
  30  3:16  Roach Warren  
  30  3:19  Extractor  
  28  3:20  Drone  
  28  3:22  Drone  
  30  3:27  Overlord  
  30  3:30  Drone  
  30  3:32  Drone  
  32  3:38  Drone  
  33  3:41  Drone x2  
  33  3:42  Drone  
  36  3:49  Overlord  
  36  3:50  Drone  
  36  3:52  Drone  
  36  3:54  Drone  
  39  3:56  Drone  
  39  3:59  Drone  
  39  4:01  Drone  
  42  4:09  Roach x2  
  48  4:10  Roach  
  48  4:16  Roach  
  50  4:22  Hydralisk Den  
  49  4:29  Hatchery  
  48  4:34  Extractor  
  47  4:39  Evolution Chamber, Glial Reconstitution  
  47  4:41  Evolution Chamber  
  45  4:47  Queen  
  45  4:49  Overlord  
  45  4:51  Hydralisk  
  49  4:54  Hydralisk  
  49  4:57  Grooved Spines  
  51  5:03  Drone x3  
  51  5:05  Drone  
  55  5:08  Overlord  
  55  5:12  Drone  
  56  5:15  Zerg Ground Armor Level 1  
  56  5:23  Drone  
  56  5:25  Drone  
  58  5:29  Zerg Missile Weapons Level 1  
  58  5:30  Roach  
  60  5:38  Extractor  
  59  6:03  Roach x3, Hydralisk x2  
  69  6:05  Roach x3  
  69  6:08  Overlord x2  
  75  6:14  Drone  
  76  6:22  Muscular Augments  
  76  6:29  Overlord x2  
  76  6:32  Roach x2  
  80  6:33  Roach, Hydralisk x2  
  80  6:38  Hydralisk  
  88  6:46  Drone x3  
  91  6:55  Drone x3  
  91  6:57  Overlord x2  
  94  7:04  Roach x2  
  94  7:05  Hydralisk x2, Roach  
  104  7:18  Zerg Ground Armor Level 2  
  104  7:27  Extractor  
  103  7:31  Extractor  
  102  7:41  Zerg Missile Weapons Level 2  
  102  7:43  Roach  
  102  7:44  Roach  
  106  7:48  Drone x3  
  106  7:50  Drone x3  
  112  8:02  Roach x2  
  112  8:03  Roach, Hydralisk  
  112  8:04  Hydralisk  
  122  8:11  Ravager  
  123  8:17  Ravager  
  123  8:19  Overlord x2  
  124  8:39  Roach x2  
  124  8:40  Hydralisk x2, Roach  
  138  8:41  Roach x3  
  103  9:01  Roach x3, Hydralisk x2  
  113  9:11  Hydralisk x2, Roach x2  
  113  9:12  Roach x2, Hydralisk x2  
  113  9:13  Roach x2  
  133  9:29  Roach  
  133  9:30  Roach x2  
  139  10:02  Overlord x3  
  139  10:14  Infestation Pit  
  138  10:25  Overlord x2  
  138  10:27  Roach x3  
  144  10:28  Hydralisk x2  
  144  10:30  Hydralisk x2, Roach x3  
  144  10:31  Roach x3  
  164  10:45  Hydralisk x7  
  178  11:25  Ravager x2  
  114  13:26  Hydralisk  
  114  13:27  Hydralisk x27  
Show
View Real Time Build Order
Export as new Build Order

A.I. 1 (Very Hard) Terran 

Build Orders:  

Get SALT Encoding   

  8  0:00  SCV  
  9  0:13  SCV  
  10  0:25  SCV  
  11  0:37  SCV  
  12  0:46  Supply Depot  
  12  0:49  SCV  
  13  1:08  SCV  
  14  1:14  Barracks  
  14  1:20  SCV  
  15  1:32  SCV  
  16  1:44  SCV  
  17  1:52  Supply Depot  
  17  1:56  SCV  
  17  1:57  Refinery  
  17  2:00  Marine  
  19  2:08  SCV  
  20  2:18  Marine  
  20  2:20  Barracks, SCV  
  22  2:27  Refinery  
  22  2:33  SCV  
  22  2:36  Marine  
  24  2:45  SCV, Supply Depot  
  25  2:54  Marine  
  25  2:57  SCV  
  27  3:07  Marine  
  27  3:09  SCV, Factory  
  29  3:15  Marine  
  30  3:21  SCV  
  30  3:24  Marine  
  32  3:33  SCV, Marine  
  34  3:42  Marine  
  34  3:45  SCV  
  36  3:57  SCV  
  36  3:59  Supply Depot  
  37  4:10  Factory Tech Lab  
  37  4:20  Marine x2, SCV  
  37  4:21  Starport  
  40  4:32  SCV  
  40  4:38  Marine x2  
  43  4:44  SCV  
  44  4:51  Barracks  
  44  4:57  SCV  
  44  4:58  Supply Depot  
  45  5:03  Barracks Tech Lab  
  45  5:19  SCV  
  45  5:21  Stimpack  
  46  5:22  Supply Depot  
  46  5:23  Marauder  
  48  5:30  Barracks Tech Lab  
  48  5:31  SCV  
  48  5:35  Command Center  
  49  5:37  Marine  
  50  5:44  Orbital Command  
  50  5:45  Marauder  
  50  5:49  Marauder  
  54  5:56  Supply Depot, Barracks Reactor  
  54  6:02  Siege Tank  
  57  6:06  Marauder  
  57  6:10  Marauder  
  61  6:17  Combat Shield  
  61  6:24  Supply Depot  
  61  6:27  Marauder  
  61  6:29  Engineering Bay  
  63  6:34  Siege Tank  
  63  6:36  Marauder  
  68  6:48  SCV  
  68  6:49  Marauder  
  68  6:50  SCV  
  72  6:54  Terran Infantry Weapons Level 1  
  72  6:58  Marauder  
  72  7:00  SCV  
  75  7:03  SCV  
  75  7:06  Siege Tank, Concussive Shells  
  79  7:10  Marauder  
  79  7:12  Supply Depot  
  79  7:13  SCV  
  79  7:15  SCV  
  83  7:25  SCV  
  83  7:27  SCV  
  85  7:33  Engineering Bay  
  86  7:37  SCV  
  86  7:38  Siege Tank  
  86  7:40  Orbital Command  
  89  7:44  Supply Depot  
  89  7:47  Missile Turret  
  89  7:49  SCV  
  90  7:53  Missile Turret  
  90  7:59  Terran Infantry Armor Level 1  
  90  8:00  Barracks, Starport Reactor  
  90  8:01  SCV  
  90  8:05  Marine, SCV  
  93  8:06  Marine  
  93  8:11  Supply Depot  
  94  8:18  Siege Tank  
  97  8:23  Marauder  
  97  8:24  Marauder  
  101  8:29  Refinery  
  101  8:33  Refinery  
  101  8:35  Supply Depot, Medivac  
  103  8:42  Medivac  
  103  8:43  Command Center  
  103  8:46  Marauder  
  101  8:49  Marine  
  101  8:51  SCV  
  101  8:52  Marine  
  101  8:54  Marine  
  86  8:56  Marine  
  86  8:59  SCV  
  82  9:03  SCV  
  82  9:07  Marine  
  82  9:08  Marauder  
  86  9:10  Marine  
  86  9:12  SCV, Marine  
  86  9:13  Marine  
  90  9:19  Siege Tank  
  93  9:25  Marauder  
  93  9:28  Marine  
  93  9:29  Marauder, Marine  
  99  9:31  Marine  
  100  9:41  Supply Depot  
  100  9:46  Missile Turret, Marine, Marauder  
  100  9:51  Widow Mine  
  105  9:53  Medivac  
  105  9:55  SCV x2  
  105  9:57  SCV  
  110  10:07  SCV  
  110  10:08  Missile Turret  
  110  10:09  SCV x2  
  110  10:13  Widow Mine  
  115  10:15  Missile Turret  
  115  10:19  SCV  
  116  10:23  Armory, Orbital Command, SCV  
  117  10:31  SCV  
  117  10:34  Widow Mine  
  120  10:35  SCV  
  120  10:36  Factory  
  120  10:41  Starport  
  121  10:44  SCV, Supply Depot  
  121  10:45  Command Center  
  121  10:46  Missile Turret  
  122  10:50  SCV  
  122  10:51  SCV  
  122  10:55  Hi-Sec Auto Tracking, Siege Tank  
  122  10:56  SCV  
  128  11:03  SCV  
  129  11:09  Armory  
  129  11:10  Terran Infantry Weapons Level 2  
  129  11:12  Supply Depot, Missile Turret  
  129  11:13  Refinery  
  129  11:17  Refinery  
  129  11:18  Starport Tech Lab  
  129  11:20  Widow Mine  
  131  11:27  Siege Tank  
  131  11:28  Marine, Barracks, Barracks Tech Lab  
  131  11:32  Marine  
  136  11:33  Marine  
  136  11:35  Supply Depot  
  136  11:36  Raven  
  136  11:38  Marine  
  140  11:40  SCV  
  140  11:41  SCV x2, Factory Tech Lab  
  140  11:45  Marine  
  140  11:46  Marine  
  145  11:49  Marine  
  145  11:50  Medivac  
  145  11:52  Neosteel Armor  
  145  11:54  Marine  
  148  11:57  SCV x2  
  148  11:59  Siege Tank  
  148  12:00  Terran Vehicle Weapons Level 1  
  154  12:03  Terran Vehicle And Ship Armor Level 1  
  154  12:10  Refinery, Raven  
  154  12:11  Command Center  
  154  12:12  Hellion  
  154  12:13  Refinery  
  154  12:15  Factory, Infernal Pre-Igniter  
  158  12:17  Supply Depot  
  158  12:24  SCV  
  158  12:27  Marauder  
  158  12:28  Missile Turret, Marauder  
  158  12:29  Missile Turret  
  156  12:30  Marauder  
  156  12:32  Hellion, Marine x2  
  156  12:33  Marine, Hellion  
  109  12:48  Marine  
  109  12:49  Marine  
  109  12:50  Marine x2, SCV  
  109  12:51  Marine, Marauder  
  98  12:52  SCV  
  98  12:53  Siege Tank, SCV  
  98  12:54  Hellion  
  107  12:58  Hellion  
  96  13:06  SCV, Marauder  
  96  13:07  SCV, Marine  
  96  13:08  Marauder, SCV  
  98  13:14  Marine  
  98  13:15  Marine, Siege Tank  
  98  13:18  SCV  
  98  13:19  SCV  
  97  13:20  Hellion, Marine, Command Center  
  97  13:21  SCV  
  97  13:25  Marine  
  89  13:27  Marine  
  89  13:28  Marine  
  89  13:30  SCV  
  89  13:31  SCV, Marine  
  79  13:42  SCV  
  69  13:52  Marine  
  69  13:54  Marine  
  64  13:55  Marine  
  64  14:01  Hellion  
  64  14:02  Marine  
  65  14:04  Marine  
  56  14:10  Marine  
  56  14:12  Marine  
  56  14:13  Hellion  
  56  14:14  Marine  
  60  14:21  Marine  
  60  14:22  Marine  
  54  14:24  Siege Tank  
  54  14:27  Marine  
  35  14:39  Marine x2, SCV, Hellion  
  29  15:05  SCV  
  17  15:16  Command Center  
  17  15:17  SCV  
  14  15:28  Command Center  
Tags
 
Composition
Roach Hydra
Matchup
TvZ
Spawn Locations
Cross Positions
Add a new tag
Caveats
  • Supply blocks, unpowered buildings, or Contaminate may cause inaccurate times.
  • Supply counts are checked every 10 seconds.